 Dungeon Crawl Stone Soup version 0.23.2-40-g277498a001 (webtiles) character file.

Game seed: 9936498630098525869

91 Chudej the Magician (level 4, -1/24 HPs)
             Began as a Deep Elf Conjurer on Aug 31, 2019.
             Slain by an adder (4 damage)
             ... on level 1 of the Dungeon.
             The game lasted 00:02:01 (1139 turns).

Chudej the Magician (Deep Elf Conjurer)             Turns: 1139, Time: 00:02:02

Health: -1/24      AC:  4    Str:  5    XL:     4   Next: 33%
Magic:  11/13      EV: 12    Int: 21    God:
Gold:   56         SH:  0    Dex: 15    Spells: 10/13 levels left

rFire    . . .     SeeInvis .   m - +1 short sword (elec)
rCold    . . .     Gourm    .   (no shield)
rNeg     . . .     Faith    .   b - +0 leather armour
rPois    .         Spirit   .   l - +0 helmet
rElec    .         Reflect  .   (no cloak)
rCorr    .         Harm     .   (no gloves)
MR       .....                  (no boots)
Stlth    ++........             (no amulet)
HPRegen  0.08/turn              (no ring)
MPRegen  0.13/turn              (no ring)

@: no status effects
A: no striking features
a: no special abilities


You were on level 1 of the Dungeon.
You were hungry.

You visited 1 branch of the dungeon, and saw 3 of its levels.

You collected 56 gold pieces.

Inventory:

Hand Weapons
 m - a +1 short sword of electrocution (weapon)
Armour
 a - a +0 robe
 b - a +0 leather armour (worn)
 l - a +0 helmet (worn)
Scrolls
 d - a scroll of remove curse {unknown}
 e - a scroll of enchant weapon {unknown}
 g - a scroll of random uselessness {unknown}
 i - a scroll of blinking {unknown}
Potions
 f - 3 potions of flight {unknown}
 h - 2 potions of might {unknown}
 j - 2 potions of heal wounds {unknown}
Comestibles
 c - 6 rations


   Skills:
 - Level 0.1 Fighting
 - Level 2.4 Dodging
 - Level 2.4 Stealth
 * Level 5.4 Spellcasting
 + Level 5.1 Conjurations


You had 10 spell levels left.
You knew the following spells:

 Your Spells              Type           Power        Failure   Level  Hunger
a - Magic Dart            Conj           ####         2%          1    None
b - Searing Ray           Conj           ####..       3%          2    None

Your spell library contained the following spells:

 Spells                   Type           Power        Failure   Level  Hunger
 Dazzling Spray           Conj/Hex       ###...       19%         3    ##.....
 Iskenderun's Mystic Bla  Conj           ####....     22%         4    ####...
 Force Lance              Conj/Tloc      ###.....     52%         4    ####...
 Fulminant Prism          Conj/Hex       ###.......   52%         4    ####...


Dungeon Overview and Level Annotations

Branches:
Dungeon (3/15)

Altars:

Annotations:
D:2 Sigmund


Message History

You feel sick.
You are no longer poisoned.
The adder bites you.
* * * LOW HITPOINT WARNING * * *
The adder barely misses you.
There is a stone staircase leading up here.
The adder bites you but does no damage.
You climb upwards.
There is a stone staircase leading down here.
Unknown command.
Casting: Magic Dart (safe; 2% risk of failure)
Confirm with . or Enter, or press ? or * to list all spells.
Aiming: Searing Ray (safe; 3% risk of failure)
Press: ? - help, Shift-Dir - straight line, f - adder
Aim: an adder The searing ray hits the adder.
The adder is moderately wounded. (Press . to maintain the ray.)
The adder barely misses you. The adder bites you.
You die...

#.....##.......# #........#
###.#.#..........# #........#
##........#.......###........#
#.........##........#....)...#
#.....♣♣..#.......#(.........#
#......♣..#(......###†.).....#
#....♣.♣).........# #........#
##...).....#...S.## #.>......#
..........##....@## #........#
#.................# #........#
##..######........# ######)###
##..# ##.........# #..†..#
.#..####...#......# #.....#
.#.........##...#.# #.....#
.......##.###.#.#.# #.....#
#.##......# #.#.#.## #.....#
.........## #.#)#..# #.....#


You could see an adder.

Vanquished Creatures
  Terence (D:2)
  Robin (D:2)
  An adder (D:2)
  2 dart slugs
  A leopard gecko (D:1)
  5 bats (D:1)
  A giant cockroach (D:1)
  11 goblins
  7 hobgoblins
  A ball python (D:2)
  3 frilled lizards
  6 kobolds
  A rat (D:1)
41 creatures vanquished.

Notes
Turn   | Place    | Note
-------+----------+-------------------------------------------
     0 | D:1      | Chudej the Deep Elf Conjurer began the quest for the Orb.
     0 | D:1      | Reached XP level 1. HP: 10/10 MP: 6/6
   160 | D:1      | Reached XP level 2. HP: 15/15 MP: 5/8
   167 | D:1      | Learned a level 2 spell: Searing Ray
   594 | D:1      | Reached XP level 3. HP: 19/19 MP: 7/10
   782 | D:2      | Noticed Robin
   832 | D:2      | Killed Robin
   832 | D:2      | Reached skill level 5 in Spellcasting
   940 | D:2      | Noticed Terence
   957 | D:2      | Killed Terence
   957 | D:2      | Reached skill level 5 in Conjurations
   957 | D:2      | Reached XP level 4. HP: 18/24 MP: 2/13
  1089 | D:2      | Noticed Sigmund
  1139 | D:1      | Slain by an adder

Skill      XL: |  1  2  3 |
---------------+----------+-----
Spellcasting   | 4 5 |  5.4
Conjurations   | 5 |  5.1
Fighting       | |  0.1
Dodging        | |  2.4
Stealth        | |  2.4

Action                   |  1- 3 |  4- 6 || total
-------------------------+-------+-------++-------
Melee: Short sword       |       |     1 ||     1
 Cast: Magic Dart        |    65 |     1 ||    66
       Searing Ray       |     3 |     1 ||     4
Armor: Leather armour    |     1 |     4 ||     5
Dodge: Dodged            |    10 |     9 ||    19
